 Dungeon Crawl Stone Soup version 0.18-a0-1293-g5a2c81a (webtiles) character file.

436 Tomstefer the Basher (level 7, -10/70 HPs)
             Began as an Ogre Berserker on Feb 10, 2016.
             Was a Priest of Trog.
             Mangled by a mummy (16 damage)
             ... in an ossuary.
             The game lasted 00:11:23 (4585 turns).

Tomstefer the Basher (Ogre Berserker)               Turns: 4585, Time: 00:11:23

Health: -10/70     AC:  6    Str: 23    XL:     7   Next: 1%
Magic:  2/2        EV: 10    Int:  6    God:    Trog [***...]
Gold:   130        SH:  0    Dex: 11    Spells: 0 memorised, 6 levels left

rFire  . . .     SeeInvis .     o - +4 morningstar (antimagic)
rCold  . . .     Gourm    .     b - +0 animal skin
rNeg   . . .     Faith    .     (no shield)
rPois  .         Spirit   .     (helmet restricted)
rElec  .         Dismiss  .     (no cloak)
rCorr  .         Reflect  .     (gloves unavailable)
SustAt .         Harm     .     (boots unavailable)
MR     ++...                    (no amulet)
Stlth  +.........               (no ring)
                                f - +3 ring of protection

@: exhausted, regenerating, slowed, very slow, very resistant to hostile
enchantments, very unstealthy
A: unfitting armour, tough skin 1
a: Berserk, Trog's Hand, Burn Spellbooks, Renounce Religion


You were in an ossuary.
You worshipped Trog.
Trog was most pleased with you.
You were very hungry.

You visited 1 branch of the dungeon, and saw 4 of its levels.
You also visited: Ossuary.

You collected 130 gold pieces.

Inventory:

Hand Weapons
 g - a +0 whip
 o - a +4 antimagic morningstar (weapon)
Missiles
 i - 9 poisoned arrows
 s - 6 arrows of frost
Armour
 b - a +0 animal skin (worn)
 e - a +0 chain mail
Magical Staves
 m - an uncursed staff of power
Jewellery
 f - a +3 ring of protection (left hand)
Wands
 a - a wand of flame (27/48)
Scrolls
 l - a scroll of remove curse
 n - a scroll of fog
Potions
 q - a potion of heal wounds {unknown}
 t - a potion of might {unknown}
Comestibles
 c - 5 bread rations
 d - a meat ration
 k - 2 chunks of flesh


   Skills:
 - Level 4.0 Fighting
 + Level 9.9 Maces & Flails
 - Level 2.8 Dodging


You had 6 spell levels left.
You didn't know any spells.

Dungeon Overview and Level Annotations

Branches:
Dungeon (4/15)
 Temple: D:4-7

Altars:
Makhleb
Nemelex Xobeh
Pakellas
Vehumet
Yredelemnul
Zin

Annotations:
D:3 1 runed door


Innate Abilities, Weirdness & Mutations

You are too large for most types of armour.
You have tough skin (AC +1).


Message History

You see here a bog body corpse.
You're too exhausted to go berserk.
Your skin crawls.
You feel resistant to hostile enchantments.
You feel slightly more hungry. The mummy hits you.
* * * LOW HITPOINT WARNING * * *
There is an empty arch of ancient stone here.
You hit the mummy.
The mummy is moderately damaged.
The mummy hits you.
* * * LOW HITPOINT WARNING * * *
You barely miss the mummy.
The mummy is moderately damaged.
The quokka zombie closely misses you. The mummy barely misses you.
You puncture the mummy!
The mummy is almost destroyed.
The quokka zombie bites you but does no damage.
The mummy hits you!
You die...

## ######## #.
#.#.≈.≈#
#'#+#'#+#.≈.#+#≈≈≈
+.....ZZ....≈≈..≈#
#.##'##Z##†##≈≈###
#. #.#.ZZ# .≈# #
###MMZ# ≈ #∩@.#
#####


You could see 2 mummies, a quokka zombie and 2 worker ant zombies.

Vanquished Creatures
  2 bog bodies (Ossuary)
  A crimson imp (D:3)
  An orc priest (D:3)
  Terence (D:2)
  A worker ant (D:4)
  5 mummies (Ossuary)
  6 adders
  3 gnolls (D:3)
  An ooze (D:1)
  2 worms
  A giant gecko (D:1)
  9 orcs (D:3)
  7 bats
  8 giant cockroaches
  10 goblins
  12 hobgoblins
  4 jackals
  A quokka (D:3)
  7 giant newts
  4 kobolds
  14 rats
100 creatures vanquished.

Vanquished Creatures (others)
  A withered plant (Ossuary)
1 creature vanquished.

Grand Total: 101 creatures vanquished

Notes
Turn   | Place    | Note
--------------------------------------------------------------
     0 | D:1      | Tomstefer the Ogre Berserker began the quest for the Orb.
     0 | D:1      | Reached XP level 1. HP: 24/24 MP: 1/1
   368 | D:1      | Reached XP level 2. HP: 18/32 MP: 2/2
   973 | D:1      | Reached skill level 5 in Maces & Flails
  1116 | D:1      | Reached XP level 3. HP: 35/39 MP: 3/3
  1289 | D:1      | Reached ** piety under Trog
  1805 | D:1      | You fall through a shaft!
  1805 | D:2      | Noticed Terence
  2421 | D:2      | Reached skill level 6 in Maces & Flails
  2421 | D:2      | Reached XP level 4. HP: 22/48 MP: 4/4
  2619 | D:2      | Found a basalt altar of Yredelemnul.
  2665 | D:2      | Found an oddly glowing altar of Pakellas.
  3042 | D:2      | Killed Terence
  3042 | D:2      | Reached skill level 7 in Maces & Flails
  3297 | D:3      | Reached XP level 5. HP: 54/54 MP: 1/5
  3385 | D:3      | Found a glowing silver altar of Zin.
  3385 | D:3      | Found a runed door.
  3385 | D:3      | Noticed an angel
  3668 | D:3      | Reached *** piety under Trog
  3822 | D:3      | Reached skill level 8 in Maces & Flails
  3976 | D:3      | Found a radiant altar of Vehumet.
  3977 | D:3      | Found a burning altar of Makhleb.
  3978 | D:3      | Reached XP level 6. HP: 57/62 MP: 2/6
  4167 | D:3      | Found a sparkling altar of Nemelex Xobeh.
  4507 | D:4      | Reached skill level 9 in Maces & Flails
  4533 | D:4      | Found a sand-covered staircase.
  4546 | Ossuary  | Entered an ossuary
  4572 | Ossuary  | Reached XP level 7. HP: 25/70 MP: 2/7
  4575 | Ossuary  | HP: 2/70 [mummy (11)]
  4581 | Ossuary  | HP: 2/70 [mummy (5)]
  4585 | Ossuary  | Mangled by a mummy

Vault maps used:
D:1:      matt_arrival_refuge
D:2:      old_standard_altar, first_bread, grunt_pakellas_basics, uniq_terence
D:3:      grunt_temple_overflow_lords_of_destruction,
          nemelex_xobeh_ov_fountains_minmay, grunt_ministairs_5,
          lemuel_angel_altar
D:4:      minmay_overflow_temple_hex, nicolae_ossuary_entry_plus,
          uniq_crazy_yiuf_cottage
Ossuary:  ossuary_zaba_flooded

Action                   |  1- 3 |  4- 6 |  7- 9 || total
-------------------------+-------+-------+-------++-------
Melee: Mace              |   126 |       |       ||   126
       Whip              |    85 |    64 |       ||   149
       Morningstar       |       |   133 |     4 ||   137
Invok: Berserk           |       |     2 |       ||     2
       Burn Spellbooks   |       |     1 |       ||     1
       Trog's Hand       |       |       |     1 ||     1
  Use: Scroll            |       |     7 |       ||     7
  Eat: Chunk             |     5 |     8 |       ||    13
